 Dungeon Crawl Stone Soup version 0.31-a0-369-g8eba5f6939 (webtiles) character file.

Game seed: 5406774591736663060

49475 floatRand the Brawler (level 14, -30/115 HPs)
             Began as a Purple Draconian Shapeshifter on July 28, 2023.
             Was the Champion of Wu Jian.
             Engulfed by a cloud of freezing vapour (41 damage)
             ... in an ice cave.
             The game lasted 00:25:04 (14901 turns).

floatRand the Brawler (DrSh)                       Turns: 14901, Time: 00:25:05

Health: -30/115    AC: 11    Str: 27    XL:     14   Next: 16%
Magic:  14/14      EV: 18    Int:  8    God:    Wu Jian [******]
Gold:   1166       SH:  0    Dex: 15    Spells: 13/13 levels left

rFire   + .          .
                       - Unarmed
rCold   . . .        (shield currently unavailable)
rNeg    . . .        (body armour unavailable)
rPois   .            (helmet currently unavailable)
rElec   .            (cloak currently unavailable)
rCorr   .            (gloves currently unavailable)
SInv    +            (boots currently unavailable)
Will    ++...        d - amulet "Wuowux" {rF+ Regen+ Str+2 SInv}
Stlth   ++++         k - +4 ring of slaying
HPRegen 1.19/turn    R - +5 ring of evasion
MPRegen 0.14/turn

%: no passive effects
@: snake-form, slowed, very slow
A: constrict, boosted hp, (breathe power), AC +8, large, unfitting armour,
(cold-blooded)
a: Begin Untransformation, Renounce Religion, Wall Jump, Serpent's Lash,
Heavenly Storm


You were in an ice cave.
You worshipped Wu Jian.
Wu Jian was exalted by your worship.
You were an enormous anaconda.
You visited 3 branches of the dungeon, and saw 18 of its levels.
You also visited: Bailey and Ice Cave.

You collected 2034 gold pieces.
You spent 868 gold pieces at shops.

Inventory:

Armour
 g - a +0 pair of gloves
 l - a +2 pair of gloves of dexterity
 w - the +2 cloak of Crawling {rElec rPois SInv}
   (You found it on level 4 of the Dungeon)

   rElec:     It insulates you from electricity.
   rPois:     It protects you from poison.
   SInv:      It lets you see invisible.
Jewellery
 d - the amulet "Wuowux" (around neck) {rF+ Regen+ Str+2 SInv}
   (You acquired it on level 3 of the Dungeon)

   [amulet of regeneration]

   Str:       It affects your strength (+2).
   rF:        It protects you from fire.
   SInv:      It lets you see invisible.
   Regen:     It increases your rate of health regeneration.
 k - a +4 ring of slaying (left hand)
 L - the ring "Defycse" {rElec Will+ MP-9 Int+4}
   (You found it on level 10 of the Dungeon)

   [ring of willpower]

   Int:       It affects your intelligence (+4).
   rElec:     It insulates you from electricity.
   MP:        It affects your magic capacity (-9).
   Will:      It increases your willpower.
 R - a +5 ring of evasion (right hand)
Talismans
 a - a storm talisman
 b - a beast talisman
 f - a serpent talisman
Wands
 p - a wand of polymorph (5)
 y - a wand of flame (29)
 z - a wand of mindburst (15)
 H - a wand of paralysis (37)
 I - a wand of roots (2)
 Q - a wand of quicksilver (2)
Scrolls
 c - 3 scrolls of revelation
 i - a scroll of fear
 j - a scroll of butterflies {unknown}
 n - 6 scrolls of fog
 q - a scroll of amnesia {unknown}
 s - 3 scrolls of enchant weapon
 u - 3 scrolls of teleportation
 D - 2 scrolls of silence
 E - 2 scrolls of blinking {unknown}
 J - 12 scrolls of enchant armour
 O - 2 scrolls of brand weapon
Potions
 e - 2 potions of berserk rage
 h - 7 potions of curing
 m - 2 potions of heal wounds
 r - 3 potions of enlightenment
 v - 3 potions of invisibility
 B - 4 potions of mutation
 C - 3 potions of ambrosia
 F - 2 potions of brilliance {unknown}
 G - 3 potions of attraction {unknown}
 K - a potion of might
 M - 3 potions of cancellation {unknown}
 N - 2 potions of haste {unknown}
 P - 2 potions of magic {unknown}


   Skills:
 - Level 1.1 Fighting
 + Level 7.9 Dodging
 + Level 8.3 Stealth
 * Level 19.4 Unarmed Combat
 + Level 12.1 Shapeshifting


You had 13 spell levels left.
You didn't know any spells.
Your spell library contained the following spells:

 Spells                   Type           Power      Damage    Failure   Level
 Sandblast                Erth           0%         2d4       41%         1
 Summon Small Mammal      Summ           0%         N/A       41%         1
 Cigotuvi's Dreadful Rot  Necr/Pois/Air  0%         N/A       54%         2
 Passwall                 Tmut/Erth      0%         N/A       54%         2
 Poisonous Vapours        Pois/Air       0%         N/A       54%         2
 Static Discharge         Conj/Air       0%         2-2/arc   54%         2
 Call Canine Familiar     Summ           0%         N/A       78%         3
 Dazzling Flash           Conj/Hex       0%         N/A       78%         3
 Mephitic Cloud           Conj/Pois/Air  0%         N/A       78%         3
 Stone Arrow              Conj/Erth      0%         3d7       78%         3
 Summon Guardian Golem    Hex/Summ       0%         N/A       78%         3
 Vhi's Electric Charge    Tloc/Air       0%         N/A       78%         3
 Volatile Blastmotes      Fire/Tloc      0%         2d10      78%         3
 Airstrike                Air            0%         2d(0-16)  99%         4
 Dispel Undead            Necr           0%         3d6       99%         4
 Fulminant Prism          Conj/Hex       0%         3d5       99%         4
 Iskenderun's Mystic Bla  Conj/Tloc      0%         2d3       99%         4
 Summon Lightning Spire   Summ/Air       0%         N/A       99%         4
 Arcjolt                  Conj/Air       0%         1d10      100%        5
 Freezing Cloud           Conj/Ice/Air   0%         6-21      100%        5
 Death Channel            Necr           0%         N/A       100%        6
 Plasma Beam              Fire/Air       0%         2x1d10    100%        6
 Starburst                Conj/Fire      0%         6d3       100%        6
 Maxwell's Capacitive Co  Air            0%         ∞         100%        8


Dungeon Overview and Level Annotations

Branches:
Dungeon (12/15)            Temple (1/1) D:6            Lair (5/5) D:8
 Shoals (0/4) Lair:2        Snake (0/4) Lair:2        Slime (0/5) Lair:4
    Orc (0/2) D:9          Bailey (visited)           IceCv (1/1)

Altars:
Ashenzari
Cheibriados
Dithmenos
Elyvilon
Fedhas
Gozag
Hepliaklqana
Kikubaaqudgha
Makhleb
Nemelex Xobeh
Okawaru
Qazlal
Ru
Sif Muna
Trog
Uskayaw
Vehumet
Wu Jian
Xom
Yredelemnul
Zin
The Shining One
Jiyva

Shops:
D:4 ?

Annotations:
D:3 1 runed translucent door, Crazy Yiuf


Innate Abilities, Weirdness & Mutations

You are an enormous anaconda.
You have a powerful constriction melee attack.
Your maximum health is increased.
Your armour is entirely melded.
You are incapable of wielding weapons or throwing items.
((You can breathe bolts of dispelling energy.))
((Your rich purple scales are hard. (AC +8)))
You cannot fit into any form of body armour.
((You are cold-blooded and may be slowed by cold attacks.))


Message History

The cane toad simulacrum barely misses you.
The ice devil hits you! The ice devil freezes you!!
You feel as though you will be slow longer.
* * * LOW HITPOINT WARNING * * *
As you read the scroll of teleportation, it crumbles to dust.
You feel strangely unstable.
The cane toad simulacrum closely misses you.
The ice devil misses you. The cane toad simulacrum misses you.
Unknown command.
Okay, then.
You feel much better. The ice devil hits you! The ice devil freezes you!
* * * LOW HITPOINT WARNING * * *
The cane toad simulacrum hits you but does no damage.
The ice devil hits you but does no damage.
Unknown command.
Unknown command.
You hit the ice devil. You grab the ice devil.
The ice devil is lightly wounded.
You constrict the ice devil, but do no damage.
The cane toad simulacrum closely misses you.
The ice devil hits you.
* * * LOW HITPOINT WARNING * * *
The ice devil freezes you!
* * * LOW HITPOINT WARNING * * *
You release your grip on the ice devil.
Your surroundings suddenly seem different.
A naga simulacrum comes into view.
You lash the naga simulacrum!
The naga simulacrum vaporises!
The Council accepts your kill.
You feel yourself speed up.
You are engulfed in freezing vapours.
You feel yourself slow down.
* * * LOW HITPOINT WARNING * * *
You feel much better.
You are engulfed in freezing vapours.
You feel as though you will be slow longer.
* * * LOW HITPOINT WARNING * * *
Unknown command.
You are engulfed in freezing vapours.
You feel as though you will be slow longer.
You die...

## #.......# #
##≈##..##...# ##
#..#≈≈#....#..##..#
#...≈≈...#.##.#..#
..#≈#..##..#.#..#.#
# #..#.☼○§......#
#....§§○4......
#...#§§○####..#
#...#§§S§§§...#
#...#.§§§°☼..##
#....###§§#§..#
#..... ##§#..##
..#.... .# .#
..###...4 .. # ...
..4..... #..#
#..4....# ..##


You could see an ice devil.

Vanquished Creatures
  A reaper (IceCv)
  5 hydras (Lair:3)
  The ghost of MrCrawl the Arsonist, a journeyman TeFE of Vehumet (D:10)
  Nergalle (D:12)
  2 skysharks
  A lindwurm (Lair:5)
  A deep elf pyromancer (D:12)
  An orc knight (Bailey)
  Pikel (D:8)
  An ugly thing (D:11)
  A water nymph (Lair:2)
  15 elephants
  6 black mambas
  A torpor snail (Lair:1)
  9 cane toads
  2 rime drakes (Lair:4)
  2 unseen horrors
  9 komodo dragons
  6 ice devils
  7 trolls
  A hornet (D:10)
  A polar bear (Lair:5)
  11 dream sheep
  16 blink frogs
  Sigmund (D:2)
  A shadow (D:12)
  2 dire elephant simulacra (IceCv)
  A wraith (D:9)
  4 wyverns
  Eustachio (D:4)
  58 yaks
  A basilisk (Lair:2)
  4 vampire mosquitoes (D:12)
  2 death yak simulacra (IceCv)
  Edmund (D:4)
  2 nagas (Lair:2)
  14 water moccasins
  12 orc warriors
  3 sky beasts
  An ice beast (D:5)
  A black bear (D:7)
  10 wolves
  An ogre (D:4)
  3 phantoms
  12 centaurs
  A lemure (D:8)
  15 bullfrogs
  2 kobold brigands
  A scorpion (D:5)
  A two-headed ogre simulacrum (IceCv)
  7 wights
  3 howler monkeys
  6 electric eels
  6 jellies
  3 hounds
  5 orc priests
  A gnoll bouda (D:9)
  5 iguanas
  Jessica (D:2)
  8 orc wizards
  Terence (D:3)
  12 hell rats
  2 troll simulacra (IceCv)
  2 spriggan simulacra (IceCv)
  A wolf simulacrum (IceCv)
  8 gnolls
  6 adders
  2 naga simulacra (IceCv)
  3 shadow imps
  4 white imps
  3 worms
  A dart slug (D:2)
  43 orcs
  10 endoplasms
  A giant cockroach (D:1)
  9 goblins
  5 hobgoblins
  6 quokkas
  10 bats
  2 frilled lizards (D:1)
  16 kobolds
  5 rats
454 creatures vanquished.

Notes
Turn   | Place    | Note
-------+----------+-------------------------------------------
     0 | D:1      | floatRand the Draconian Shapeshifter began the quest for
                  | the Orb.
     0 | D:1      | Reached XP level 1. HP: 16/16 MP: 1/1
    91 | D:1      | Reached XP level 2. HP: 11/23 MP: 2/2
   503 | D:1      | Reached XP level 3. HP: 19/28 MP: 3/3
   733 | D:2      | Noticed Sigmund
   816 | D:2      | Reached skill level 4 in Unarmed Combat
   889 | D:2      | Noticed Jessica
   929 | D:2      | Killed Jessica
  1017 | D:2      | Killed Sigmund
  1018 | D:2      | Reached skill level 5 in Unarmed Combat
  1018 | D:2      | Reached XP level 4. HP: 26/35 MP: 4/4
  1018 | D:2      | Reached XP level 5. HP: 30/40 MP: 5/5
  1289 | D:2      | Reached XP level 6. HP: 47/47 MP: 6/6
  1732 | D:3      | Noticed Terence
  1742 | D:3      | Killed Terence
  1806 | D:3      | Reached skill level 6 in Unarmed Combat
  2113 | D:3      | Found a runed translucent door.
  2114 | D:3      | Noticed Crazy Yiuf
  2417 | D:3      | Identified 2 scrolls of acquirement
  2417 | D:3      | Acquired 984 gold pieces
  2419 | D:3      | Acquired the amulet "Wuowux" {rF+ Regen+ Str+2 SInv}
  2667 | D:4      | Noticed Eustachio
  2669 | D:4      | Noticed Edmund
  2737 | D:4      | Killed Edmund
  2746 | D:4      | Killed Eustachio
  2747 | D:4      | Reached skill level 7 in Unarmed Combat
  2747 | D:4      | Your scales start taking on a rich purple colour.
  2747 | D:4      | Reached XP level 7. HP: 17/52 MP: 7/7
  2959 | D:4      | Identified the +2 cloak of Crawling {rElec rPois SInv}
  2986 | D:4      | Found Lajym's Magic Scroll Shoppe.
  3025 | D:4      | Reached skill level 5 in Shapeshifting
  3035 | D:4      | Bought a scroll of acquirement for 728 gold pieces
  3035 | D:4      | Acquired a manual of Unarmed Combat
  3046 | D:4      | Bought a scroll of vulnerability for 56 gold pieces
  3046 | D:4      | Bought a scroll of fog for 56 gold pieces
  3046 | D:4      | Bought a scroll of identify for 28 gold pieces
  3227 | D:4      | Found an ancient bone altar of Kikubaaqudgha.
  3266 | D:5      | Entered Level 5 of the Dungeon
  3282 | D:5      | Reached skill level 8 in Unarmed Combat
  3426 | D:5      | Reached XP level 8. HP: 52/59 MP: 8/8
  3482 | D:5      | Reached skill level 9 in Unarmed Combat
  4398 | D:6      | Reached skill level 10 in Unarmed Combat
  4526 | D:6      | Found a staircase to the Ecumenical Temple.
  4542 | Temple   | Entered the Ecumenical Temple
  4600 | Temple   | Became a worshipper of the Wu Jian Council
  5234 | D:6      | Reached skill level 11 in Unarmed Combat
  5920 | D:7      | Reached skill level 12 in Unarmed Combat
  5920 | D:7      | Reached XP level 9. HP: 64/64 MP: 9/9
  6493 | D:8      | Found a white marble altar of Elyvilon.
  6493 | D:8      | Found a glowing golden altar of the Shining One.
  6501 | D:8      | Found a hide-covered altar of Uskayaw.
  6503 | D:8      | Found a faded altar of an unknown god.
  6505 | D:8      | Found a faded altar of an unknown god.
  6538 | D:8      | Reached skill level 13 in Unarmed Combat
  6544 | D:8      | Noticed a troll
  6574 | D:8      | Killed a troll
  6605 | D:8      | Reached * piety under Wu Jian
  6647 | D:8      | Reached skill level 14 in Unarmed Combat
  6897 | D:8      | Reached XP level 10. HP: 35/71 MP: 10/10
  6974 | D:8      | Noticed Pikel
  6997 | D:8      | Killed Pikel
  6998 | D:8      | Reached skill level 15 in Unarmed Combat
  7034 | D:8      | Found a staircase to the Lair.
  7271 | D:9      | Found a staircase to the Orcish Mines.
  8289 | D:10     | Entered Level 10 of the Dungeon
  8290 | D:10     | Found a flagged portal.
  8301 | D:10     | Reached ** piety under Wu Jian
  8464 | D:10     | Reached skill level 16 in Unarmed Combat
  8483 | D:10     | Found a runed translucent door.
  8501 | D:10     | Noticed MrCrawl's ghost (journeyman TeFE)
  8529 | D:10     | Killed MrCrawl's ghost
  8530 | D:10     | Reached skill level 10 in Shapeshifting
  8530 | D:10     | Reached XP level 11. HP: 77/77 MP: 11/11
  8535 | D:10     | Identified the ring "Defycse" {rElec Will+ MP-9 Int+4}
  8575 | Bailey   | Entered a bailey
  8698 | Bailey   | Noticed an orc knight
  8732 | Bailey   | Killed an orc knight
  8733 | Bailey   | Reached skill level 1 in Stealth
  8739 | Bailey   | Reached *** piety under Wu Jian
  9059 | D:10     | Identified the +2 spear of Irritation {heavy, Will+ Int+3
                  | Dex-3}
  9218 | D:11     | Noticed a red ugly thing
  9221 | D:11     | Killed a red ugly thing
  9318 | D:11     | Found an ornate altar of the Wu Jian Council.
  9861 | D:12     | Identified the ring of Midnight {rF- MP-9 Int+5 Dex+6
                  | Stlth+}
  9868 | D:12     | Noticed a deep elf pyromancer
  9871 | D:12     | Killed a deep elf pyromancer
  9958 | D:12     | Found an ancient bone altar of Kikubaaqudgha.
 10155 | D:12     | Noticed Nergalle
 10171 | D:12     | Killed Nergalle
 10334 | Lair:1   | Entered Level 1 of the Lair of Beasts
 10368 | Lair:1   | Reached skill level 17 in Unarmed Combat
 10381 | Lair:1   | Reached XP level 12. HP: 83/83 MP: 12/12
 10440 | Lair:1   | Reached **** piety under Wu Jian
 11017 | Lair:1   | Reached skill level 5 in Dodging
 11017 | Lair:1   | Reached skill level 5 in Stealth
 11447 | Lair:2   | Found a staircase to the Snake Pit.
 11839 | Lair:3   | Reached skill level 18 in Unarmed Combat
 11847 | Lair:3   | Noticed an eight-headed hydra
 11893 | Lair:3   | Identified the +9 sling "Ivyv Feh" {flame, *Corrode rN+
                  | Will+ Stlth+}
 11925 | Lair:3   | Reached ***** piety under Wu Jian
 12050 | Lair:3   | Killed an eight-headed hydra
 12226 | Lair:3   | Reached XP level 13. HP: 89/89 MP: 13/13
 12751 | Lair:3   | Identified the +8 rapier "Demonslayer" {venom, rF+ Int+3
                  | Dex+4}
 13357 | Lair:4   | Found a viscous altar of Jiyva.
 13360 | Lair:4   | Found a staircase to the Slime Pits.
 13451 | Lair:4   | Reached skill level 19 in Unarmed Combat
 14010 | Lair:5   | Entered Level 5 of the Lair of Beasts
 14420 | Lair:5   | Reached XP level 14. HP: 94/96 MP: 14/14
 14457 | Lair:5   | Found a frozen archway.
 14479 | IceCv    | Entered an ice cave
 14581 | IceCv    | Reached ****** piety under Wu Jian
 14852 | IceCv    | Noticed a reaper
 14887 | IceCv    | Killed a reaper
 14890 | IceCv    | HP: 2/115 [ice devil (23)]
 14901 | IceCv    | Engulfed by a cloud of freezing vapour

Illustrated notes

Levels and vault maps discovered:
D:1:      mrwooster_arrival_statue, layout_basic, nicolae_grassy_gnolls
D:2:      cheibrodos_old_hovel, layout_loops_cross, moated_statue, uniq_sigmund,
          uniq_jessica
D:3:      layout_loops_ring, uniq_terence, uniq_crazy_yiuf_cottage
D:4:      layout_basic, kennysheep_little_box, serial_shops, shop,
          nicolae_elevator_lobby_plus, uniq_eustachio, uniq_edmund
D:5:      layout_basic, serial_co_window_serial, co_window_paths_a,
          co_window_corner_a, co_window_paths_a, co_window_cross_1,
          co_window_corner_a, co_window_paths_b, co_window_paths_b,
          co_window_of_opportunity_a, co_window_corner_a, co_window_2corner,
          co_window_unsneaky_path_e, co_window_broadway_b, co_window_paths_c,
          co_window_corner_b, co_window_2corner, co_window_paths_d,
          glass_columns_b, glass_columns_a, glass_columns_a, glass_columns_b,
          glass_columns_a
D:6:      layout_layer_cave, minmay_temple_entry_mini_moons
D:7:      black_bear_nest_1, layout_loops_ring
D:8:      layout_basic, chequers_temple_overflow_minitemple, erik_lair_island,
          minmay_misc_feat_x, uniq_pikel
D:9:      layout_layer_cave, orc_0_dummy
D:10:     layout_rooms, enter_bailey_3, ebering_ghost_reflecting_pool,
          abandoned_shop
D:11:     layout_roguey, nzn_wu_jian_contemplation
D:12:     layout_rooms, nicolae_kikubaaqudgha_miasma_corner, uniq_nergalle
Temple:   dpeg_five_rooms_temple
Lair:1:   layout_misc_corridors
Lair:2:   layout_big_grid, nicolae_shoals_entry_flooding,
          guppyfry_snake_entry_garden, grunt_megastairs_1
Lair:3:   nzn_winding_woodlands_stair_cross
          [nzn_winding_woodlands_5x15_concentric,
          nzn_winding_woodlands_center_diamonds,
          nzn_winding_woodlands_5x15_twine,
          nzn_winding_woodlands_5x5_closed_star,
          nzn_winding_woodlands_5x5_default, nzn_winding_woodlands_5x15_crooked,
          nzn_winding_woodlands_center_pierced_h,
          nzn_winding_woodlands_5x15_garden], layout_loops_ring
Lair:4:   layout_long_grid, nicolae_slime_entry_field_trip,
          cheibrodos_lair_caveside_slide, serial_bayou_shore_b,
          lemuel_fruit_fields
Lair:5:   hellmonk_lair_end_abyssal_woods, layout_gridlike,
          portal_ice_cave_demonic_guard, grunt_megastairs_5
IceCv:    ice_cave_small_demon

Skill      XL: |  1  2  3  4  5  6  7  8  9 10 11 12 13 |
---------------+----------------------------------------+-----
Unarmed Combat | 5 7 8 12 14 16 17 18 19 | 19.4
Shapeshifting  | 4 5 6 8 10 11 12 | 12.1
Dodging        | 4 6 7 |  7.9
Stealth        | 4 6 8 |  8.3
Fighting       | |  1.1

Action                     |  1- 3 |  4- 6 |  7- 9 | 10-12 | 13-15 || total
---------------------------+-------+-------+-------+-------+-------++-------
  Melee: Unarmed           |    67 |   108 |   195 |   396 |   320 ||  1086
         Tailslap          |     7 |    11 |    29 |     3 |       ||    50
         Punch             |     2 |     5 |     6 |     6 |       ||    19
         Constrict         |       |       |       |    88 |    68 ||   156
Ability: Lunge             |       |       |    18 |    53 |    27 ||    98
         Breathe Dispellin |       |       |     7 |     1 |       ||     8
         Whirlwind         |       |       |       |    21 |    27 ||    48
  Evoke: Wand              |       |       |       |     9 |    11 ||    20
    Use: Potion            |     1 |       |     2 |     2 |     4 ||     9
         Scroll            |       |     3 |     4 |     6 |     6 ||    19
   Stab: Sleeping          |       |       |       |    12 |     4 ||    16
         Distracted        |       |       |       |     1 |     2 ||     3
 Armour: Skin              |    18 |    26 |    47 |    74 |    48 ||   213
  Dodge: Dodged            |    18 |    72 |    82 |   214 |   162 ||   548
   Form: Anaconda          |       |       |       |     1 |       ||     1

Table legend: (Time is in decaauts)
 A = Elapsed time spent in this place.
 B = Non-inter-level travel time spent in this place.
 C = Inter-level travel time spent in this place.
 D = Time resting spent in this place.
 E = Time spent auto-exploring this place.
 F = Levels seen in this place.
 G = Mean time per level.
                   A        B        C        D        E       F      G
               +--------+--------+--------+--------+--------+-----+--------+
         Total |  14692 |  14045 |    647 |   1342 |   8825 |  20 |  734.6 |
       Dungeon |   9848 |   9299 |    549 |    534 |   6642 |  12 |  820.7 |
        Temple |    110 |     58 |     52 |      0 |      0 |   1 |  110.0 |
          Lair |   4026 |   3980 |     46 |    530 |   2179 |   5 |  805.2 |
        Bailey |    289 |    289 |      0 |     98 |      4 |   1 |  289.0 |
      Ice Cave |    417 |    417 |      0 |    180 |      0 |   1 |  417.0 |
               +--------+--------+--------+--------+--------+-----+--------+

Top non-repeatable levels by time:
  Lair:3: 1337 daAuts
     D:5: 1124 daAuts
     D:9: 1077 daAuts
     D:6: 1068 daAuts
     D:2: 874 daAuts
     D:8: 871 daAuts
  Lair:4: 849 daAuts
     D:3: 848 daAuts
     D:4: 821 daAuts
     D:1: 753 daAuts
     D:7: 723 daAuts
  Lair:2: 701 daAuts
  Lair:1: 695 daAuts
    D:11: 617 daAuts
    D:10: 537 daAuts
